[Event "December 12 Late 2023"]
[Site "https://www.chess.com"]
[Date "2023.12.12"]
[Round "11"]
[White "De Souza, Cristiano Gomes"]
[Black "Rose, Felix"]
[Result "0-1"]
[Board "77"]
[TimeControl "180+1"]
[WhiteFideId "2151758"]
[BlackFideId "5105722"]
[WhiteElo "2242"]
[BlackElo "2317"]
[WhiteTeam "BRA"]
[BlackTeam "MEX"]
[WhiteClock "0:00:07"]
[BlackClock "0:00:07"]

1. d4 d6 2. c4 Nf6 3. Nc3 e5 4. dxe5 dxe5 5. Qxd8+ Kxd8 6. Bg5 c6 7. e3 Nd7 8. Nf3 Kc7 9. Rc1 a5 10. Be2 h6 11. Bh4 Ne8 12. O-O f6 13. Bg3 Nd6 14. Nh4 g5 15. Ng6 Rg8 16. Nxf8 Nxf8 17. f3 Be6 18. b3 Nd7 19. Rfd1 Rgd8 20. Rd2 Nf5 21. Bf2 Nc5 22. Rcd1 Rxd2 23. Rxd2 Ne7 24. e4 Nd7 25. Na4 Nc8 26. Nc5 Nxc5 27. Bxc5 b6 28. Ba3 c5 29. Bc1 Ne7 30. Kf2 Nc6 31. Bb2 a4 32. Bd1 axb3 33. axb3 Ra2 34. Bc3 Rxd2+ 35. Bxd2 Nd4 36. Ke3 Kc6 37. Bc3 b5 38. Bxd4 cxd4+ 39. Kd3 bxc4+ 40. bxc4 Kc5 41. Bb3 Kb4 42. Ba2 Ka3 43. Bb1 Kb2 44. Bc2 Bxc4+ 45. Kd2 h5 46. g3 Bf1 47. Ba4 Bg2 48. Ke2 Kc3 49. Bb5 d3+ 50. Bxd3 Bxf3+ 51. Ke3 Bg4 52. Bf1 Kc2 53. h3 Be6 54. Be2 h4 55. g4 Kc1 56. Bf3 Bb3 57. Be2 Bd1 58. Bf1 Kc2 59. Bd3+ Kc3 60. Bf1 Bb3 61. Be2 Bc4 62. Bd1 Bf1 63. Bf3 Bxh3 64. Kf2 Kd3 65. Kg1 Ke3 66. Bd1 Kf4 67. Kf2 Bxg4 68. Bc2 Bf3 69. Bb3 Bxe4 70. Be6 g4 0-1

[Event "December 12 Late 2023"]
[Site "https://www.chess.com"]
[Date "2023.12.12"]
[Round "11"]
[White "Manfroi, Alexander Giannini"]
[Black "Kornyukov, Alexey"]
[Result "0-1"]
[Board "78"]
[TimeControl "180+1"]
[WhiteFideId "22739335"]
[BlackFideId "4150457"]
[WhiteElo "2198"]
[BlackElo "2297"]
[WhiteTeam "BRA"]
[BlackTeam "RUS"]
[WhiteClock "0:00:19"]
[BlackClock "0:01:03"]

1. d4 d5 2. Bf4 c5 3. e3 Nc6 4. Nc3 cxd4 5. exd4 a6 6. Nf3 Nf6 7. Ne5 Bf5 8. Be2 e6 9. O-O Bd6 10. Bg3 O-O 11. Re1 Rc8 12. Rc1 h6 13. h3 Qc7 14. f4 Nxd4 15. Bf2 Nxe2+ 16. Qxe2 Ne4 17. Nxe4 Bxe4 18. Bd4 f6 19. Ng4 Bxf4 20. g3 Bxc1 21. Rxc1 Qxg3+ 22. Kf1 Qxh3+ 23. Kg1 e5 24. Bf2 Bf3 25. Qf1 Qh1# 0-1

[Event "December 12 Late 2023"]
[Site "https://www.chess.com"]
[Date "2023.12.12"]
[Round "11"]
[White "Osmonbekov, Talaibek"]
[Black "Burke, Paul"]
[Result "1-0"]
[Board "79"]
[TimeControl "180+1"]
[WhiteFideId "2017253"]
[BlackFideId "2605767"]
[WhiteElo "2277"]
[BlackElo "1871"]
[WhiteTeam "USA"]
[BlackTeam "CAN"]
[WhiteClock "0:00:03"]
[BlackClock "0:00:27"]

1. d4 a6 2. Nc3 d6 3. e4 g6 4. h4 h6 5. Bc4 e6 6. Be3 Bg7 7. Qd2 Ne7 8. h5 g5 9. f4 g4 10. Nge2 d5 11. Bd3 f5 12. exd5 Nxd5 13. O-O-O O-O 14. Rhe1 c6 15. Kb1 Nd7 16. Nxd5 cxd5 17. c4 Nf6 18. Nc3 Ne4 19. Bxe4 dxe4 20. d5 Qf6 21. Na4 b5 22. Nb6 Rb8 23. d6 Bb7 24. Nd7 Qf7 25. Nxb8 Rxb8 26. d7 Rd8 27. Bb6 Bf6 28. Bxd8 Bxd8 29. c5 Bd5 30. c6 Bxc6 31. Qd6 Bd5 32. Rc1 e5 33. Rc8 Bxa2+ 34. Ka1 1-0

[Event "December 12 Late 2023"]
[Site "https://www.chess.com"]
[Date "2023.12.12"]
[Round "11"]
[White "Tarnowska, Aleksandra"]
[Black "Biliy, Vadim"]
[Result "1-0"]
[Board "80"]
[TimeControl "180+1"]
[WhiteFideId "1180967"]
[BlackFideId "14114127"]
[WhiteElo "2195"]
[BlackElo "2268"]
[WhiteTeam "POL"]
[BlackTeam "UKR"]
[WhiteClock "0:00:05"]
[BlackClock "0:00:00"]

1. e4 d6 2. d4 Nf6 3. Nd2 e5 4. Ngf3 Nc6 5. c3 Bg4 6. d5 Ne7 7. h3 Bd7 8. Bd3 g6 9. O-O Bg7 10. Re1 O-O 11. Nf1 Nh5 12. Ng5 h6 13. Nf3 Nf4 14. Ng3 Qe8 15. Bxf4 exf4 16. Ne2 g5 17. Ned4 Be5 18. Nxe5 dxe5 19. Nf3 Ng6 20. Nh2 Kg7 21. Qh5 Rh8 22. Rad1 f6 23. Bc2 Nf8 24. Qe2 h5 25. Qc4 Rc8 26. Qb4 b6 27. c4 a5 28. Qc3 g4 29. h4 Ng6 30. g3 f3 31. c5 bxc5 32. Qxc5 a4 33. Nf1 Qe7 34. Qc4 Rb8 35. Rb1 Rhc8 36. Ne3 Rb4 37. Qa6 Rcb8 38. Bxa4 1-0

[Event "December 12 Late 2023"]
[Site "https://www.chess.com"]
[Date "2023.12.12"]
[Round "11"]
[White "BestestBP"]
[Black "Golubenko, Valentina"]
[Result "0-1"]
[Board "81"]
[TimeControl "180+1"]
[BlackFideId "4501993"]
[WhiteElo "2159"]
[BlackElo "2257"]
[BlackTeam "CRO"]
[WhiteClock "0:00:00"]
[BlackClock "0:00:14"]

1. d4 g6 2. Nf3 Bg7 3. c4 c5 4. g3 cxd4 5. Nxd4 Nc6 6. Nxc6 bxc6 7. Bg2 Nf6 8. O-O d5 9. Nc3 e6 10. cxd5 cxd5 11. Bg5 O-O 12. Rc1 Bd7 13. e4 h6 14. Bxf6 Bxf6 15. exd5 exd5 16. Qxd5 Rc8 17. Ne4 Bxb2 18. Rcd1 Ba4 19. Qxd8 Rfxd8 20. Rb1 Rc2 21. Rfd1 Re8 22. Rd6 Kg7 23. Ra6 Bc6 24. Nd6 Rd8 25. Rxc6 Rxc6 26. Bxc6 Rxd6 27. Rxb2 Rxc6 28. Kg2 Ra6 29. h4 Kf6 30. Kf3 Ke6 31. Kg4 f5+ 32. Kh3 Ra3 33. Kg2 Ke5 34. Re2+ Kf6 35. Rb2 g5 36. hxg5+ hxg5 37. Rc2 g4 38. Rb2 Kg5 39. Rc2 Kf6 40. Rb2 Ke5 41. Rb5+ Ke4 42. Rb4+ Kd3 43. Rf4 Rxa2 44. Rxf5 a5 45. Rf4 a4 46. Rxg4 a3 47. Rg8 Kc3 48. Rc8+ Kb2 49. Ra8 Kb3 50. g4 Rc2 51. g5 Rc6 52. f4 a2 53. Kg3 Kb2 54. Kg4 Rc3 0-1

[Event "December 12 Late 2023"]
[Site "https://www.chess.com"]
[Date "2023.12.12"]
[Round "11"]
[White "Harrington, Steve"]
[Black "Hernandez Jimenez, Alexander Andres"]
[Result "1/2-1/2"]
[Board "82"]
[TimeControl "180+1"]
[WhiteFideId "2038730"]
[BlackFideId "3900452"]
[WhiteElo "2136"]
[BlackElo "2248"]
[WhiteTeam "USA"]
[BlackTeam "VEN"]
[WhiteClock "0:02:25"]
[BlackClock "0:01:49"]

1. e4 e5 2. d4 exd4 3. Nf3 Nc6 4. Nxd4 Bc5 5. Be3 Qf6 6. Nb5 Bxe3 7. fxe3 Qh4+ 8. g3 Qxe4 9. Nxc7+ Kd8 10. Nxa8 Qxh1 11. Nc3 Nf6 12. Qd2 Qf3 13. Be2 Qh1+ 14. Bf1 Qf3 15. Be2 Qh1+ 16. Bf1 1/2-1/2

[Event "December 12 Late 2023"]
[Site "https://www.chess.com"]
[Date "2023.12.12"]
[Round "11"]
[White "De Lima, Valdenicio Marcelino"]
[Black "Buenafe Moya, Javier"]
[Result "1-0"]
[Board "83"]
[TimeControl "180+1"]
[WhiteFideId "2132044"]
[BlackFideId "2206412"]
[WhiteElo "2233"]
[BlackElo "2344"]
[WhiteTeam "BRA"]
[BlackTeam "ESP"]
[WhiteClock "0:01:13"]
[BlackClock "0:01:04"]

1. Nf3 b5 2. d4 Bb7 3. e3 a6 4. c4 bxc4 5. Bxc4 Nf6 6. O-O e6 7. Nc3 Be7 8. b3 d6 9. Bb2 Nbd7 10. Rc1 Ne4 11. Qe2 Ndf6 12. Rfd1 O-O 13. Nd2 Nxc3 14. Bxc3 Qe8 15. f3 d5 16. Bd3 Bd6 17. e4 dxe4 18. fxe4 e5 19. d5 Qd7 20. h3 h6 21. Ba1 g6 22. Qe3 Kg7 23. Nc4 Rae8 24. Be2 Qe7 25. Nxd6 Qxd6 26. Bf3 Nh7 27. h4 f5 28. Qc5 Nf6 29. Qxc7+ Qxc7 30. Rxc7+ Rf7 31. d6 Bxe4 32. Bxe4 Nxe4 33. d7 Rd8 34. Bxe5+ Kf8 35. Rc8 Ke7 36. Rxd8 Kxd8 37. Bc7+ Kxc7 38. d8=Q+ 1-0

[Event "December 12 Late 2023"]
[Site "https://www.chess.com"]
[Date "2023.12.12"]
[Round "11"]
[White "Novikova, Margarita"]
[Black "Kostiukov, Alexandr"]
[Result "0-1"]
[Board "84"]
[TimeControl "180+1"]
[WhiteFideId "14109689"]
[BlackFideId "14108100"]
[WhiteElo "2123"]
[BlackElo "2334"]
[WhiteTeam "GER"]
[BlackTeam "UKR"]
[WhiteClock "0:00:02"]
[BlackClock "0:00:16"]

1. d4 g6 2. Bf4 Bg7 3. c3 d6 4. e4 e5 5. dxe5 dxe5 6. Qxd8+ Kxd8 7. Bg5+ f6 8. Be3 Be6 9. Nd2 Nd7 10. Bc4 Ke7 11. O-O-O Bh6 12. Bxe6 Kxe6 13. Nc4 Nc5 14. Kc2 Bxe3 15. Nxe3 Nxe4 16. Nh3 Ne7 17. f3 Nd6 18. Nf2 Rad8 19. Nd3 b6 20. Nb4 a5 21. Nbd5 Nxd5 22. Rxd5 Nc4 23. Rxd8 Nxe3+ 24. Kd3 Rxd8+ 25. Kxe3 f5 26. h4 h5 27. Re1 c5 28. a4 c4 29. Ke2 Rd6 30. Rg1 Rd5 31. g4 hxg4 32. fxg4 Kf6 33. gxf5 gxf5 34. Rg8 e4 35. h5 Rd3 36. Rg6+ Ke5 37. Rxb6 Rh3 38. h6 Kf4 39. Rc6 Rh2+ 40. Kd1 Ke3 41. Rxc4 f4 42. Rc6 f3 43. b4 Rh1+ 44. Kc2 f2 45. Rf6 Rxh6 46. Rf8 Rh1 47. b5 f1=Q 48. Rxf1 Rxf1 49. c4 Kd4 50. b6 Rf7 0-1

[Event "December 12 Late 2023"]
[Site "https://www.chess.com"]
[Date "2023.12.12"]
[Round "11"]
[White "Kujawski, Adam"]
[Black "Travadon, Loic"]
[Result "0-1"]
[Board "85"]
[TimeControl "180+1"]
[WhiteFideId "1100920"]
[BlackFideId "26092131"]
[WhiteElo "2314"]
[BlackElo "2130"]
[WhiteTeam "POL"]
[BlackTeam "FRA"]
[WhiteClock "0:00:00"]
[BlackClock "0:00:48"]

1. e4 e5 2. Nf3 Nc6 3. Bb5 a6 4. Ba4 Nf6 5. O-O b5 6. Bb3 Nxe4 7. d4 d5 8. dxe5 Be6 9. Nbd2 Be7 10. Qe2 Nc5 11. c3 d4 12. Bxe6 Nxe6 13. Ne4 O-O 14. Rd1 Qd5 15. cxd4 Ncxd4 16. Nxd4 Nxd4 17. Qd3 c5 18. f4 Rad8 19. Be3 Rd7 20. Bxd4 cxd4 21. a3 Rfd8 22. Rac1 b4 23. a4 b3 24. Rc4 a5 25. Rdc1 Bb4 26. g3 Kf8 27. Rc6 h6 28. R1c4 Ke8 29. h4 Bf8 30. Kh2 Rb8 31. Nd6+ Bxd6 32. Rxd6 Rxd6 33. exd6 Qxd6 34. Rxd4 Qc7 35. Rc4 Qb6 36. Qe4+ Kf8 37. Rc6 Qf2+ 38. Kh3 Qxb2 39. Rc7 Qf6 0-1

[Event "December 12 Late 2023"]
[Site "https://www.chess.com"]
[Date "2023.12.12"]
[Round "11"]
[White "Dubreuil, Julien"]
[Black "Reinecke, Katharina"]
[Result "1-0"]
[Board "86"]
[TimeControl "180+1"]
[WhiteFideId "621285"]
[BlackFideId "12929727"]
[WhiteElo "2287"]
[BlackElo "2020"]
[WhiteTeam "FRA"]
[BlackTeam "GER"]
[WhiteClock "0:00:46"]
[BlackClock "0:00:08"]

1. a3 d5 2. Nf3 Nf6 3. g3 e6 4. Bg2 Be7 5. O-O O-O 6. b4 a5 7. Bb2 axb4 8. d3 bxa3 9. Nxa3 Nc6 10. c4 Bd7 11. Nb5 Rxa1 12. Qxa1 Nb4 13. Qa5 Bxb5 14. Bxf6 Bxf6 15. Qxb5 Nc2 16. Qxb7 Qe7 17. cxd5 exd5 18. e3 d4 19. e4 Nb4 20. Qb5 c6 21. Qc4 Rd8 22. Rb1 c5 23. Nd2 Nc6 24. f4 g5 25. e5 Nxe5 26. fxe5 Bxe5 27. Rb7 Qf6 28. Ne4 Qf5 29. Nxg5 Ra8 30. Qxf7+ Qxf7 31. Nxf7 Ra1+ 32. Kf2 Ra2+ 33. Kf3 Ra3 34. Nxe5 1-0

[Event "December 12 Late 2023"]
[Site "https://www.chess.com"]
[Date "2023.12.12"]
[Round "11"]
[White "Curtis, John"]
[Black "Oliveira, Tiago Batista"]
[Result "1-0"]
[Board "87"]
[TimeControl "180+1"]
[WhiteFideId "3200256"]
[BlackFideId "2108291"]
[WhiteElo "2184"]
[BlackElo "2088"]
[WhiteTeam "AUS"]
[BlackTeam "BRA"]
[WhiteClock "0:00:21"]
[BlackClock "0:00:00"]

1. e4 e5 2. Nf3 Nc6 3. Bb5 a6 4. Bxc6 dxc6 5. O-O Bg4 6. d3 Qf6 7. Be3 Ne7 8. Nbd2 Ng6 9. Qb1 Nf4 10. Re1 Bd6 11. d4 Nh3+ 12. Kf1 exd4 13. e5 Qg6 14. exd6 dxe3 15. Rxe3+ Kd8 16. Ne5 Qf5 17. Nxg4 h5 18. Rf3 Qd5 19. Rd3 Qc5 20. dxc7+ Kxc7 21. Ne3 Nf4 22. Nf3 Nxd3 23. cxd3 Rad8 24. d4 Qb5+ 25. Kg1 g5 26. Qf5 g4 27. Qxf7+ Kb8 28. Qf4+ Ka8 29. Ne5 Rhf8 30. Qe4 Qxb2 31. Rf1 Qxd4 32. Qxd4 Rxd4 33. N5c4 b5 34. Na5 c5 35. Nb3 Ra4 36. Nxc5 Rxa2 37. g3 b4 38. Rb1 a5 39. Ne4 Ka7 40. Rd1 Ka6 41. Rd7 Kb5 42. Rb7+ Ka4 43. Nc5+ Ka3 44. Rb5 Raxf2 45. Rxa5+ Kb2 46. Nd3+ Kc3 47. Nxf2 b3 48. Rb5 b2 49. Ned1+ Kc2 50. Nxb2 1-0

[Event "December 12 Late 2023"]
[Site "https://www.chess.com"]
[Date "2023.12.12"]
[Round "11"]
[White "Su, Dion"]
[Black "Stead, Kerry"]
[Result "1-0"]
[Board "88"]
[TimeControl "180+1"]
[WhiteFideId "2029731"]
[BlackFideId "3202577"]
[WhiteElo "2343"]
[BlackElo "2064"]
[WhiteTeam "USA"]
[BlackTeam "AUS"]
[WhiteClock "0:01:12"]
[BlackClock "0:00:50"]

1. e4 c6 2. d4 d5 3. e5 Bf5 4. Nf3 e6 5. Be2 Nd7 6. O-O h6 7. c3 c5 8. Nbd2 Ne7 9. Nb3 c4 10. Nbd2 Nc6 11. Re1 Be7 12. Nf1 Qc7 13. Ng3 Bg6 14. Be3 O-O-O 15. b3 cxb3 16. axb3 Kb8 17. b4 Rdf8 18. Qa4 Nb6 19. Qa2 Nc8 20. Rec1 f6 21. b5 Nd8 22. c4 Qd7 23. c5 b6 24. c6 Qc7 25. Bf4 f5 26. Bd2 Be8 27. Ne1 g5 28. Nf1 Bg6 29. Nd3 Nf7 30. Nb4 Bxb4 31. Bxb4 f4 32. Bxf8 Rxf8 33. Nd2 Bf5 34. Nb3 g4 35. Bd1 Ng5 36. Bc2 Ne4 37. Bxe4 Bxe4 38. Nc5 bxc5 39. dxc5 Qxe5 40. b6 g3 41. c7+ Kb7 42. c6+ Kxb6 43. Qa5# 1-0

[Event "December 12 Late 2023"]
[Site "https://www.chess.com"]
[Date "2023.12.12"]
[Round "11"]
[White "Prokhorov, Oleksandr"]
[Black "Gulamirian, Korun"]
[Result "0-1"]
[Board "89"]
[TimeControl "180+1"]
[WhiteFideId "14105578"]
[BlackFideId "4144899"]
[WhiteElo "2334"]
[BlackElo "2012"]
[WhiteTeam "UKR"]
[BlackTeam "RUS"]
[WhiteClock "0:00:00"]
[BlackClock "0:00:26"]

1. e4 e5 2. Nf3 Nc6 3. Bb5 a6 4. Ba4 Nf6 5. O-O Be7 6. Re1 b5 7. Bb3 O-O 8. c3 d5 9. exd5 Nxd5 10. d4 exd4 11. Nxd4 Nxd4 12. Qxd4 Be6 13. Nd2 c5 14. Qe4 c4 15. Bc2 Nf6 16. Qf3 Bd5 17. Ne4 Nxe4 18. Bxe4 Bxe4 19. Rxe4 Bc5 20. b4 Bb6 21. Bf4 Qd3 22. a4 f5 23. Re6 Qxf3 24. gxf3 Rf6 25. Rxf6 gxf6 26. axb5 a5 27. Be3 Bxe3 28. fxe3 a4 29. b6 Kf7 30. Rxa4 Rb8 31. Ra6 Ke7 32. Kf2 h5 33. Kg3 Kd7 34. Kf4 Kc6 35. Kxf5 Kb7 36. Ra7+ Kxb6 37. Re7 Rd8 38. Kxf6 Rd3 39. f4 Rxc3 40. f5 Rc2 41. Re4 Kb5 42. Ke7 Ra2 43. f6 c3 0-1

[Event "December 12 Late 2023"]
[Site "https://www.chess.com"]
[Date "2023.12.12"]
[Round "11"]
[White "Korol, Dimitry"]
[Black "Desideri, Ricardo Maruchi"]
[Result "1-0"]
[Board "90"]
[TimeControl "180+1"]
[WhiteFideId "14108003"]
[BlackFideId "2110440"]
[WhiteElo "2303"]
[BlackElo "1998"]
[WhiteTeam "UKR"]
[BlackTeam "BRA"]
[WhiteClock "0:01:50"]
[BlackClock "0:01:52"]

1. d4 Nf6 2. c4 c5 3. d5 e6 4. Nc3 exd5 5. cxd5 d6 6. Nf3 g6 7. Nd2 Bg7 8. Nc4 O-O 9. Bf4 Ne8 10. Qd2 a6 11. a4 Qe7 12. Nb6 Bxc3 13. Qxc3 Nc7 14. Bh6 f6 15. Bxf8 Kxf8 16. Nxc8 Qd8 17. Nb6 1-0